 Dungeon Crawl Stone Soup version 0.14-a0-1192-g192f278 (webtiles) character file.

111 PolkaDot the Grave Robber (level 3, -3/24 HPs)
             Began as a Vampire Necromancer on Nov 30, 2013.
             Was an Initiate of Sif Muna.
             Slain by an orc
             ... wielding a +3,+1 orcish flail of protection
              (4 damage)
             ... on Level 5 of the Dungeon.
             The game lasted 00:07:35 (1861 turns).

PolkaDot the Grave Robber (Vampire Necromancer)     Turns: 1861, Time: 00:07:36

HP  -3/24        AC  2     Str  7      XL: 3   Next: 48%
MP   7/7         EV 13     Int 18      God: Sif Muna [......]
Gold 64          SH  0     Dex 16      Spells:  2 memorised,  3 levels left

rFire  . . .     SeeInvis +     g - +0 short sword
rCold  . . .     Clarity  .     a - +0 robe
rNeg   . . .     Conserve .     (no shield)
rPois  .         rCorr    .     (no helmet)
rElec  .         rRot     .     (no cloak)
SustAb . .       Spirit   .     (no gloves)
rMut   .         Warding  .     (no boots)
Saprov . . .     Stasis   .     (no amulet)
                                (no ring)
                                e - +2 ring of dexterity

@: regenerating quickly, glowing, slightly resistant to hostile enchantments,
unstealthy
A: fangs 3, see invisible, unbreathing
a: Renounce Religion


You were on level 5 of the Dungeon.
You worshipped Sif Muna.
Sif Muna was noncommittal.
You were full.

You visited 1 branch of the dungeon, and saw 5 of its levels.

You collected 64 gold pieces.

Inventory:

Hand weapons
 g - a +0,+0 short sword (weapon)
Armour
 a - a +0 robe (worn)
Scrolls
 d - a scroll of remove curse {unknown}
 f - 2 scrolls of random uselessness {unknown}
 h - 2 scrolls of amnesia {unknown}
 i - 3 scrolls of identify {unknown}
 m - 3 scrolls of fear {unknown}
Jewellery
 e - a +2 ring of dexterity (left hand)
Books
 b - a book of Necromancy

   Spells                             Type                      Level
   *Pain                              Necromancy                   1
   *Animate Skeleton                  Necromancy                   1
   Lethal Infusion                    Charms/Necromancy            2
   Vampiric Draining                  Necromancy                   3
   Regeneration                       Charms/Necromancy            3
   Animate Dead                       Necromancy                   4
   Control Undead                     Necromancy                   4


   Skills:
 + Level 1.6 Short Blades
 - Level 2.1 Dodging
 - Level 3.0 Stealth
 + Level 1.5 Spellcasting
 * Level 5.1 Necromancy


You had 3 spell levels left.
You knew the following spells:

 Your Spells              Type           Power        Failure   Level  Hunger
a - Pain                  Necr           ###.         1%          1    ##.....
s - Animate Skeleton      Necr           N/A          1%          1    ##.....


Dungeon Overview and Level Annotations

Branches:
Dungeon (5/16)
 Temple: D:4-7

Altars:
Sif Muna
Trog

Annotations:
D:5 Yermak's ghost, weakling SpEn


Innate Abilities, Weirdness & Mutations

Your natural rate of healing is unusually fast.
You have razor-sharp teeth.*
You have supernaturally acute eyesight.
You can survive without breathing.*


Message History

Yermak's ghost (weakling Spriggan Enchanter) comes into view.
Yermak's ghost moves out of view.
The hound bites you.
* * * LOW HITPOINT WARNING * * *
The hound misses you. The hound closely misses you.
An orc comes into view. It is wielding a glowing orcish flail.
The orc shouts!
Yermak's ghost turns its malevolent gaze towards you.
The orc throws a tomahawk.
The tomahawk misses you.
You see here a tomahawk.
The hound closely misses you. Yermak's ghost barely misses you.
The orc throws a tomahawk.
The tomahawk misses you.
The tomahawk misses the hound.
Yermak's ghost points at you and mumbles some strange words.
You are outlined in light.
The hound bites you.
* * * LOW HITPOINT WARNING * * *
Yermak's ghost hits you.
* * * LOW HITPOINT WARNING * * *
The orc hits you with a glowing orcish flail.
You die...

##.....# ###.... #
###... ..# #.....
....# ##....#
#..... ###.....#
#.....# #.....###
#...o### ##....##
#....@h### ##.....#
###...p..###...?###
#.....(##O...##
####..O.#...##
##.......#
#......## ###...##
#####


You could see an ogre, a hound, Yermak's ghost and an orc.

Vanquished Creatures
  5 giant geckos
  An ooze (D:1)
  An orc (D:2)
  2 ball pythons (D:2)
  4 bats
  3 hobgoblins
  A giant cockroach (D:1)
  2 giant newts (D:2)
  7 goblins
  5 kobolds
  7 rats
38 creatures vanquished.

Vanquished Creatures (collateral kills)
  An adder (D:2)
1 creature vanquished.

Vanquished Creatures (others)
  A bat skeleton (D:1)
1 creature vanquished.

Grand Total: 40 creatures vanquished

Notes
Turn   | Place    | Note
--------------------------------------------------------------
     0 | D:1      | PolkaDot, the Vampire Necromancer, began the quest for the Orb.
     0 | D:1      | Reached XP level 1. HP: 13/13 MP: 4/4
    28 | D:1      | Learned a level 1 spell: Animate Skeleton
   132 | D:1      | Reached skill level 1 in Short Blades
   303 | D:1      | Reached XP level 2. HP: 16/19 MP: 5/5
   928 | D:2      | Reached skill level 5 in Necromancy
  1005 | D:2      | Found a bloodstained altar of Trog.
  1110 | D:2      | Reached XP level 3. HP: 21/24 MP: 6/6
  1429 | D:2      | HP: 1/24 [poisoned by an adder]
  1650 | D:3      | Found a deep blue altar of Sif Muna.
  1653 | D:3      | Became a worshipper of Sif Muna the Loreminder
  1706 | D:3      | Noticed Yermak's ghost (weakling SpEn)
  1840 | D:5      | Entered Level 5 of the Dungeon
  1840 | D:5      | Noticed an ogre
  1845 | D:5      | Noticed a phantom
  1854 | D:5      | Noticed Yermak's ghost (weakling SpEn)
  1861 | D:5      | HP: 1/24 [Yermak's ghost (3)]
  1861 | D:5      | Slain by an orc

Action                   || total
-------------------------++-------
Melee: Dagger            ||    21
       Short sword       ||    95
 Cast: Pain              ||    12
       Animate Skeleton  ||     8
  Use: Potion            ||     8
 Stab: Sleeping          ||     5
